 Dungeon Sprint DCSS version 0.26.1-2-gb8aa6d0cf2 (webtiles) character file.

Game seed: 14091212075022557412

22372 Groucho the Peltast (level 12, -9/90 HPs)
             Began as a Gargoyle Fighter on Feb 24, 2021.
             Was the Champion of Cheibriados.
             Mangled by an orc knight
             ... wielding a +0 great sword of draining
              (19 damage)
             ... in the Dungeon (Sprint VII: "The Pits").
             The game lasted 00:07:30 (4817 turns).

Groucho the Peltast (Gargoyle Fighter)              Turns: 4817, Time: 00:07:31

Health: -9/90      AC: 31    Str: 37    XL:     12   Next: 99%
Magic:  2/21       EV:  9    Int: 24    God:    Cheibriados [******]
Gold:   36         SH: 18    Dex: 27    Spells: 11/11 levels left

rFire    . . .     SeeInvis .   u - +1 broad axe (freeze)
rCold    . . .     Faith    .   c - +0 kite shield
rNeg     + . .     Spirit   .   r - +3 chain mail
rPois    ∞         Reflect  .   y - +0 helmet
rElec    +         Harm     .   k - +0 cloak
rCorr    .         Rampage  .   (no gloves)
Will     .....     NoTele   +   b - +0 pair of boots
Stlth    ..........             (no amulet)
HPRegen  0.25/turn              (no ring)
MPRegen  0.17/turn              (no ring)

@: very slow
A: negative energy resistance 1, electricity resistance, unbreathing,
petrification resistance, miasma immunity, AC +8
a: Renounce Religion, Bend Time, Temporal Distortion, Slouch, Step From Time


You were in the Dungeon.
You worshipped Cheibriados.
Cheibriados was exalted by your worship.
You visited 1 branch You collected 36 gold pieces.

Inventory:

Hand Weapons
 t - a +2 vorpal morningstar
 u - a +1 broad axe of freezing (weapon)
Missiles
 p - 15 stones (quivered)
Armour
 b - a +0 pair of boots (worn)
 c - a +0 kite shield (worn)
 k - a +0 cloak (worn)
 r - a +3 chain mail (worn)
 y - a +0 helmet (worn)
Jewellery
 q - a +3 ring of evasion
 s - a +3 ring of dexterity
 w - an uncursed ring of protection from cold
 x - an uncursed ring of willpower
Scrolls
 j - 2 scrolls of blinking
 l - 7 scrolls of remove curse
 m - 5 scrolls of amnesia
 n - a scroll of summoning
 o - 3 scrolls of vulnerability
 z - 4 scrolls of fog
 A - a scroll of identify
 C - 2 scrolls of enchant weapon
 D - a scroll of fear
Potions
 a - 2 potions of invisibility
 d - a potion of might
 e - 10 potions of curing
 f - 12 potions of heal wounds
 g - 6 potions of haste
 h - 3 potions of magic
 i - 3 potions of berserk rage
 v - 3 potions of mutation
 B - a potion of brilliance


   Skills:
 + Level 16.6 Fighting
 + Level 14.2 Axes
 + Level 16.6 Armour
 + Level 16.6 Shields
 + Level 13.0 Invocations


You had 11 spell levels left.
You didn't know any spells.
Your spell library contained the following spells:

 Spells                   Type           Power        Failure   Level
 Corona                   Hex            0%           34%         1
 Ensorcelled Hibernation  Hex/Ice        0%           47%         2
 Poisonous Vapours        Pois/Air       0%           47%         2
 Confusing Touch          Hex            0%           71%         3
 Conjure Flame            Conj/Fire      0%           71%         3
 Dazzling Flash           Conj/Hex       0%           71%         3
 Mephitic Cloud           Conj/Pois/Air  0%           71%         3
 Tukima's Dance           Hex            0%           71%         3
 Freezing Cloud           Conj/Ice/Air   0%           100%        6


Dungeon Overview and Level Annotations

Branches:
Dungeon (1/1)

Altars:
Ashenzari
Cheibriados
Dithmenos
Elyvilon
Fedhas
Gozag
Hepliaklqana
Kikubaaqudgha
Makhleb
Nemelex Xobeh
Okawaru
Qazlal
Ru
Sif Muna
Trog
Uskayaw
Vehumet
Wu Jian
Xom
Yredelemnul
Zin
The Shining One
Beogh
Jiyva
Lugonu


Innate Abilities, Weirdness & Mutations

You are resistant to torment.
Your stone body is resilient. (AC +8)
You are immune to poison.
You resist negative energy. (rN+)
You are resistant to electric shocks. (rElec)
You can survive without breathing.
You are immune to petrification.
You are immune to miasma.


Message History

The orc warlord shoots a bolt.
The bolt hits you.
Your Invocations skill increases to level 13!
Unknown command.
The orc warlord hits you with a +2 long sword.
The orc knight hits you but does no damage.
The orc warlord unwields a +0 arbalest.
The orc warlord wields a +3 battleaxe of flaming.
It bursts into flame!
The orc warlord hits you with a +3 battleaxe of flaming!!!
The orc warlord burns you!
The orc warlord hits you with a +2 long sword!!
* * * LOW HITPOINT WARNING * * *
Items here: )) [[.
Unknown command.
Unknown command.
You closely miss the orc warlord.
The orc warlord is severely wounded.
You barely miss the orc warlord. You closely miss the orc knight.
The orc knight hits you with a +0 great sword of draining!!
You die...

..##''#''# ..++..'..+ ..++..'..+
''########
''###############################
.................................
.................................
..##############('##############[
..# #.).@)...# #. ..# #..ooo...#
#. ..# ####..#### #. ..# )).. #.
..# .)).. #. ..# ....... #. ).#
##..#### #. ..# #### #. ..# #.


You could see 2 orc warlords and an orc knight (strong).

Vanquished Creatures
  A deep elf blademaster (D)
  A fire dragon (D)
  Erolcha (D)
  An ice dragon (D)
  A hydra (D)
  A merfolk avatar (D)
  A two-headed ogre (D)
  A spriggan berserker (D)
  A spriggan (D)
  A sun demon (D)
  An unseen horror (D)
  2 sea snakes (D)
  A fire crab (D)
  A lindwurm (D)
  A deep troll (D)
  A flayed ghost (D)
  7 orc knights (D)
  A necromancer (D)
  A manticore (D)
  A molten gargoyle (D)
  A cane toad (D)
  3 smoke demons (D)
  An eye of devastation (D)
  An orange demon (D)
  A rime drake (D)
  A hellwing (D)
  An ice devil (D)
  A merfolk (D)
  2 polar bears (D)
  A hornet (D)
  A troll (D)
  A wandering mushroom (D)
  3 blink frogs (D)
  A redback (D)
  7 vampire mosquitoes (D)
  2 water moccasins (D)
  2 floating eyes (D)
  A phantom (D)
  2 swamp drakes (D)
  An ice beast (D)
  3 ogres (D)
  2 centaurs (D)
  5 wolves (D)
  An earth elemental (D)
  A scorpion (D)
  A jelly (D)
  An iron imp (D)
  Jessica (D)
  A hell rat (D)
  A gnoll (D)
  A river rat (D)
  A white imp (D)
  A worm (D)
  A ball python (D)
  2 bat zombies (D)
  2 giant cockroaches (D)
  3 goblins (D)
  3 quokkas (D)
  A bat simulacrum (D)
  A giant cockroach simulacrum (D)
  A giant cockroach zombie (D)
  A jackal skeleton (D)
  2 kobolds (D)
  A leopard gecko skeleton (D)
  3 rats (D)
102 creatures vanquished.

Notes
Turn   | Place    | Note
-------+----------+-------------------------------------------
     0 | D        | Groucho the Gargoyle Fighter began the quest for the Orb.
     0 | D        | Reached XP level 1. HP: 14/14 MP: 1/1
    50 | D        | Found a bloodstained altar of Trog.
    50 | D        | Found a shimmering blue altar of Sif Muna.
    50 | D        | Found a viscous altar of Jiyva.
    50 | D        | Found a hazy altar of Hepliaklqana.
    50 | D        | Found an opulent altar of Gozag.
    51 | D        | Found a glowing golden altar of the Shining One.
    51 | D        | Found a glowing silver altar of Zin.
    51 | D        | Found a basalt altar of Yredelemnul.
    51 | D        | Found a shimmering altar of Xom.
    51 | D        | Found an ornate altar of the Wu Jian Council.
    51 | D        | Found a sacrificial altar of Ru.
    51 | D        | Found a stormy altar of Qazlal.
    51 | D        | Found an iron altar of Okawaru.
    51 | D        | Found a sparkling altar of Nemelex Xobeh.
    51 | D        | Found a burning altar of Makhleb.
    51 | D        | Found a blossoming altar of Fedhas.
    51 | D        | Found a white marble altar of Elyvilon.
    51 | D        | Found a shadowy altar of Dithmenos.
    51 | D        | Found a snail-covered altar of Cheibriados.
    52 | D        | Found a radiant altar of Vehumet.
    52 | D        | Found a corrupted altar of Lugonu.
    52 | D        | Found a roughly hewn altar of Beogh.
    53 | D        | Found an ancient bone altar of Kikubaaqudgha.
    53 | D        | Found a hide-covered altar of Uskayaw.
    53 | D        | Found a broken altar of Ashenzari.
    65 | D        | Became a worshipper of Cheibriados the Contemplative
    83 | D        | Noticed a floating eye
    86 | D        | Reached * piety under Cheibriados
    88 | D        | Paralysed by a floating eye for 3 turns
    92 | D        | Killed a floating eye
    92 | D        | Reached ** piety under Cheibriados
    93 | D        | Reached skill level 5 in Fighting
    93 | D        | Reached skill level 5 in Shields
    93 | D        | Reached XP level 2. HP: 20/22 MP: 2/2
    93 | D        | Reached XP level 3. HP: 25/27 MP: 3/3
    93 | D        | Reached XP level 4. HP: 30/32 MP: 4/4
   309 | D        | Noticed a floating eye
   313 | D        | Killed a floating eye
   314 | D        | Reached skill level 5 in Axes
   314 | D        | Reached XP level 5. HP: 38/38 MP: 5/5
   315 | D        | Reached *** piety under Cheibriados
   316 | D        | Noticed a water moccasin
   322 | D        | Killed a water moccasin
   323 | D        | Reached XP level 6. HP: 37/44 MP: 6/6
   406 | D        | Reached **** piety under Cheibriados
   421 | D        | Reached XP level 7. HP: 37/50 MP: 7/7
   452 | D        | Reached ***** piety under Cheibriados
   485 | D        | Noticed a lindwurm
   496 | D        | Killed a lindwurm
   497 | D        | Reached skill level 10 in Fighting
   497 | D        | Reached skill level 10 in Armour
   497 | D        | Reached skill level 10 in Shields
   497 | D        | Reached XP level 8. HP: 29/58 MP: 8/8
   891 | D        | Noticed Jessica
   892 | D        | Killed Jessica
   892 | D        | Reached ****** piety under Cheibriados
  1217 | D        | Noticed a necromancer
  1218 | D        | Killed an unseen horror
  1219 | D        | Reached XP level 9. HP: 64/64 MP: 3/9
  1220 | D        | Killed a necromancer
  1529 | D        | Noticed a smoke demon
  1529 | D        | Noticed a merfolk
  1531 | D        | Reached skill level 1 in Invocations
  1532 | D        | Killed a smoke demon
  1533 | D        | Reached skill level 10 in Axes
  1536 | D        | Killed a merfolk
  1693 | D        | Noticed a deep troll
  1693 | D        | Noticed a smoke demon
  1695 | D        | Killed a smoke demon
  1699 | D        | Killed a deep troll
  1700 | D        | Reached XP level 10. HP: 43/72 MP: 1/13
  1981 | D        | Reached skill level 5 in Invocations
  2196 | D        | Noticed a cane toad
  2199 | D        | Killed a cane toad
  2200 | D        | Noticed a two-headed ogre
  2219 | D        | Killed a two-headed ogre
  2531 | D        | Noticed a flayed ghost
  2535 | D        | Killed a flayed ghost
  2854 | D        | Noticed a sea snake
  2854 | D        | Noticed a sun demon
  2863 | D        | Killed a sea snake
  2864 | D        | Reached XP level 11. HP: 79/79 MP: 15/17
  2867 | D        | Killed a sun demon
  2880 | D        | Noticed a sea snake
  2881 | D        | Noticed a five-headed hydra
  2882 | D        | Noticed a merfolk avatar
  2884 | D        | Killed a sea snake
  2887 | D        | Killed a six-headed hydra
  2897 | D        | Killed a merfolk avatar
  2898 | D        | Reached skill level 10 in Invocations
  3171 | D        | Noticed a manticore
  3177 | D        | Killed a manticore
  3178 | D        | Reached skill level 15 in Armour
  3178 | D        | Reached skill level 15 in Shields
  3539 | D        | Reached skill level 15 in Fighting
  3670 | D        | Noticed an ice dragon
  3670 | D        | Noticed a deep elf blademaster
  3670 | D        | Noticed a fire dragon
  3670 | D        | Noticed a spriggan berserker
  3672 | D        | Killed a spriggan berserker
  3673 | D        | Reached XP level 12. HP: 60/88 MP: 8/20
  3673 | D        | Killed a deep elf blademaster
  3676 | D        | Killed an ice dragon
  3676 | D        | Killed a fire dragon
  4147 | D        | Noticed Erolcha
  4151 | D        | Killed Erolcha
  4808 | D        | Noticed an orc warlord
  4808 | D        | Noticed an orc warlord
  4817 | D        | Mangled by an orc knight

Illustrated notes

Levels and vault maps discovered:
D:        pitsprint [storerooms_1, entrance_room_1, metal_vault_2, armoury_2,
          mini_pit_1, grid_room_1, main_hall_1, silver_pit, the_coven_2,
          the_vestibule_1, steel_vault_4, golden_pit, hallway_of_sentries,
          crystal_vault_6, iron_vault_3, final_vault]

Skill      XL: |  1  2  3  4  5  6  7  8  9 10 11 12 |
---------------+-------------------------------------+-----
Axes           | 4 5 6 8 9 10 11 12 14 | 14.2
Fighting       | 5 7 8 10 11 12 13 15 16 | 16.6
Armour         | 6 7 8 10 11 12 13 15 16 | 16.6
Shields        | 5 7 8 10 11 12 13 15 16 | 16.6
Invocations    | 4 8 10 13 | 13.0

Action                   |  1- 3 |  4- 6 |  7- 9 | 10-12 || total
-------------------------+-------+-------+-------+-------++-------
Melee: Hand axe          |     7 |    19 |    26 |       ||    52
       War axe           |     6 |       |       |       ||     6
       Broad axe         |       |       |     7 |    87 ||    94
Throw: Stone             |       |       |       |     3 ||     3
Invok: Slouch            |       |       |     5 |    25 ||    30
  Use: Potion            |       |     1 |     1 |     1 ||     3
Armor: Scale mail        |     8 |     2 |       |       ||    10
       Chain mail        |       |     1 |    36 |    66 ||   103
Dodge: Dodged            |     5 |     5 |    14 |    34 ||    58
Block: Kite shield       |     3 |     6 |    36 |   113 ||   158
